 Dungeon Sprint DCSS version 0.30-a0-1103-g25895a7845 (webtiles) character file.

Game seed: 9966087985466085970

8953 sircluck the Executioner (level 11, -2/122 HPs)
             Began as a Hill Orc Berserker on Apr 18, 2023.
             Was a High Priest of Trog.
             Slain by a demonic crawler (11 damage)
             ... in the Dungeon (Sprint I: "Red Sonja").
             The game lasted 00:09:25 (2736 turns).

sircluck the Executioner (Hill Orc Berserker)       Turns: 2736, Time: 00:09:26

Health: -2/122     AC:  8    Str: 25    XL:     11   Next: 38%
Magic:  11/11      EV: 10    Int:  7    God:    Trog [*****.]
Gold:   534        SH: 17    Dex:  8    Spells: 10/10 levels left

rFire   . . .      SeeInvis .    n - +3 flail (heavy)
rCold   . . .      Faith    .    u - +5 Storm Queen's Shield {shock, Fly rElec}
rNeg    + . .      Spirit   .    p - +3 scale mail {rN+}
rPois   .          Reflect  +    (no helmet)
rElec   +          Rampage  .    (no cloak)
rCorr   .          NoTele   +    (no gloves)
Will    .....                    (no boots)
Stlth   +                        o - amulet of reflection
HPRegen 0.40/turn                (no ring)
MPRegen 0.12/turn                (no ring)

@: flying
A: clumsy 1, deformed body
a: Renounce Religion, Berserk, Trog's Hand, Brothers in Arms


You were in the Dungeon.
You worshipped Trog.
Trog was extremely pleased with you.
You visited 1 branch You collected 1400 gold pieces.
You spent 866 gold pieces at shops.

Inventory:

Hand Weapons
 a - a +0 hand axe
 n - a +3 heavy flail (weapon)
 v - a +5 heavy great mace
 y - the +6 sling of Piozont {drain, +Blink}
   (You found it in the Dungeon)

   +Blink:    It lets you blink.
Missiles
 m - 4 curare-tipped darts (quivered)
 r - 3 stones
Armour
 b - a +0 animal skin
 k - a +0 leather armour
 p - a +3 scale mail of positive energy (worn)
 u - the +5 Storm Queen's Shield (worn) {shock, Fly rElec}
   (You bought it in a shop in the Dungeon)

   Shock:     When it blocks an attack, it may electrocute the attacker.
   This works even against foes who are a short distance away.
   rElec:     It insulates you from electricity.
   Fly:       It grants you flight.
 w - a +1 chain mail of willpower
 x - a +1 plate armour of positive energy
 A - the +1 buckler of Isupt {+Blink Dex+3}
   (You found it in the Dungeon)

   Dex:       It affects your dexterity (+3).
   +Blink:    It lets you blink.
Jewellery
 o - an amulet of reflection (around neck)
Wands
 i - a wand of quicksilver (4)
 z - a wand of flame (10)
Scrolls
 s - a scroll of fog {unknown}
 t - a scroll of poison
 B - a scroll of torment {unknown}
Potions
 c - 3 potions of curing
 e - a potion of haste
 f - 2 potions of magic
 g - a potion of berserk rage
 j - a potion of mutation {unknown}
 l - a potion of might {unknown}
 q - a potion of brilliance {unknown}


   Skills:
 + Level 19.0 Fighting
 + Level 21.5(21.8) Axes
 + Level 5.0(13.0) Maces & Flails
 + Level 1.0 Throwing
 + Level 9.1 Armour
 + Level 9.1 Dodging
 + Level 3.3 Stealth
 + Level 3.3 Shields


You had 10 spell levels left.
You didn't know any spells.
Your spell library was empty.

Dungeon Overview and Level Annotations

Branches:
Dungeon (1/1)

Altars:
Cheibriados
Dithmenos
Elyvilon
Fedhas
Gozag
Hepliaklqana
Kikubaaqudgha
Makhleb
Nemelex Xobeh
Okawaru
Qazlal
Ru
Sif Muna
Trog
Uskayaw
Vehumet
Wu Jian
Xom
Yredelemnul
Zin
The Shining One
Jiyva
Lugonu

Shops:
D :*(:(***(([?[(*!==[[(


Innate Abilities, Weirdness & Mutations

You are clumsy. (Dex -2)
Armour fits poorly on your strangely shaped body.


Message History

Your troll goes berserk!
You block the demonic crawler's attack.
Your shield discharges, shocking the demonic crawler!
You block the demonic crawler's attack.
Your shield discharges, shocking the demonic crawler!
The demonic crawler hits you. The demonic crawler hits you!
You block the demonic crawler's attack.
Your shield discharges, shocking the demonic crawler!
The demonic crawler hits you. x2
The demonic crawler hits you but does no damage.
The demonic crawler hits you! The demonic crawler hits you.
The demonic crawler hits you but does no damage.
The demonic crawler hits you.
The demonic crawler attacks as you move away!
You block the demonic crawler's attack. The demonic crawler closely misses you.
The demonic crawler hits you. The demonic crawler barely misses you.
You block the demonic crawler's attack. The demonic crawler hits you!
* * * LOW HITPOINT WARNING * * *
The demonic crawler hits you!
* * * LOW HITPOINT WARNING * * *
The demonic crawler hits you.
* * * LOW HITPOINT WARNING * * *
The demonic crawler hits you!
* * * LOW HITPOINT WARNING * * *
You block the demonic crawler's attack. x2
Your shield discharges, shocking the demonic crawler!
The demonic crawler closely misses you.
You feel much better.
Your troll bites the demonic crawler!
Your troll closely misses the demonic crawler.
Your troll claws the demonic crawler but does no damage.
The demonic crawler hits you!
* * * LOW HITPOINT WARNING * * *
You block the demonic crawler's attack. The demonic crawler barely misses you.
The demonic crawler hits you but does no damage.
You block the demonic crawler's attack. x2
Your shield discharges, shocking the demonic crawler!
Your troll bites the demonic crawler!
Your troll barely misses the demonic crawler. x2
The demonic crawler hits you!
You die...

##########################
#<.#..)..#..'..#T_#..'...#
#..)..#..').#..@ss'..#)..##+#
#..#####'#####'#ss####...'..#
#..####..#...#.####..#####..+
#..#__####..##)#~§~..#..# ##
#..#_____##'#_.§~~~).§..#
#⌠⌠#_.∩...'..._#~~~)§#.§#
####_..__##_.#'##'#####§###
#_____###'#.#)..[###§')#
############)####'###.###.#


You could see 4 demonic crawlers and a friendly troll (summoned, berserk).

Vanquished Creatures
  2 centaur warriors (D)
  Sonja (D)
  A deep troll (D)
  An oklob plant (D)
  2 unseen horrors (D)
  2 kobold demonologists (D)
  A hornet (D)
  A slime creature (D)
  Sigmund (D)
  A yak (D)
  2 redbacks (D)
  3 floating eyes (D)
  An ogre (D)
  7 necrophages (D)
  8 jellies (D)
  Ijyb (D)
  A ballistomycete spore (D)
36 creatures vanquished.

Vanquished Creatures (collateral kills)
  8 shining eyes (D)
  3 floating eyes (D)
11 creatures vanquished.

Vanquished Creatures (others)
  A ballistomycete spore (D)
1 creature vanquished.

Grand Total: 48 creatures vanquished

Notes
Turn   | Place    | Note
-------+----------+-------------------------------------------
     0 | D        | sircluck the Hill Orc Berserker began the quest for the
                  | Orb.
     0 | D        | Reached XP level 1. HP: 19/19 MP: 1/1
     2 | D        | Noticed Ijyb
    10 | D        | Killed Ijyb
    11 | D        | Reached skill level 5 in Fighting
    11 | D        | Reached skill level 6 in Axes
    11 | D        | Reached XP level 2. HP: 24/30 MP: 2/2
    11 | D        | Reached XP level 3. HP: 30/37 MP: 3/3
    82 | D        | Noticed an ogre
    89 | D        | Killed an ogre
    90 | D        | Reached skill level 8 in Axes
    90 | D        | Reached XP level 4. HP: 48/48 MP: 4/4
   125 | D        | Noticed Sigmund
   135 | D        | Killed Sigmund
   135 | D        | Reached ** piety under Trog
   136 | D        | Reached skill level 11 in Axes
   136 | D        | Reached XP level 5. HP: 58/58 MP: 5/5
   136 | D        | Reached XP level 6. HP: 66/66 MP: 6/6
   179 | D        | Found an ornate altar of the Wu Jian Council.
   179 | D        | Found a shimmering blue altar of Sif Muna.
   181 | D        | Found a radiant altar of Vehumet.
   186 | D        | Reached skill level 10 in Fighting
   194 | D        | Found Vuora's Book Emporium.
   194 | D        | Found an ancient bone altar of Kikubaaqudgha.
   194 | D        | Found a hazy altar of Hepliaklqana.
   194 | D        | Found a stormy altar of Qazlal.
   194 | D        | Found a hide-covered altar of Uskayaw.
   194 | D        | Found a blossoming altar of Fedhas.
   194 | D        | Found a bloodstained altar of Trog.
   194 | D        | Found an iron altar of Okawaru.
   194 | D        | Found a basalt altar of Yredelemnul.
   194 | D        | Found a glowing golden altar of the Shining One.
   194 | D        | Found a snail-covered altar of Cheibriados.
   194 | D        | Found a sacrificial altar of Ru.
   194 | D        | Found a glowing silver altar of Zin.
   194 | D        | Found a shadowy altar of Dithmenos.
   194 | D        | Found a white marble altar of Elyvilon.
   194 | D        | Noticed a yak
   198 | D        | Killed a yak
   199 | D        | Reached skill level 12 in Axes
   199 | D        | Reached skill level 5 in Armour
   199 | D        | Found an opulent altar of Gozag.
   200 | D        | Found a sparkling altar of Nemelex Xobeh.
   287 | D        | Found a burning altar of Makhleb.
   287 | D        | Found a viscous altar of Jiyva.
   287 | D        | Found a shimmering altar of Xom.
   287 | D        | Found a corrupted altar of Lugonu.
   287 | D        | Noticed a slime creature
   305 | D        | Killed a slime creature
   306 | D        | Reached skill level 13 in Axes
   306 | D        | Reached XP level 7. HP: 33/75 MP: 7/7
   450 | D        | Noticed a kobold demonologist
   450 | D        | Noticed a kobold demonologist
   452 | D        | Noticed a sun demon
   454 | D        | Reached *** piety under Trog
   455 | D        | Reached skill level 14 in Axes
   455 | D        | Reached skill level 5 in Dodging
   460 | D        | Killed a kobold demonologist
   461 | D        | Reached skill level 15 in Axes
   461 | D        | Reached XP level 8. HP: 85/85 MP: 8/8
   469 | D        | Noticed an orange demon
   473 | D        | Killed a kobold demonologist
   473 | D        | Reached **** piety under Trog
   731 | D        | Noticed Sonja
   736 | D        | Killed Sonja
   737 | D        | Reached skill level 17 in Axes
   737 | D        | Reached XP level 9. HP: 87/95 MP: 9/9
  1080 | D        | Found Yqumek's Book Boutique.
  1104 | D        | Noticed a deep troll
  1115 | D        | Killed a deep troll
  1334 | D        | Noticed a shining eye
  1334 | D        | Noticed a shining eye
  1334 | D        | Noticed a shining eye
  1339 | D        | Noticed a shining eye
  1340 | D        | Reached skill level 15 in Fighting
  1340 | D        | Reached skill level 18 in Axes
  1340 | D        | Reached skill level 1 in Stealth
  1343 | D        | Killed a shining eye
  1346 | D        | Killed a shining eye
  1349 | D        | Paralysed by a floating eye for 3 turns
  1353 | D        | Killed a shining eye
  1354 | D        | Reached skill level 19 in Axes
  1354 | D        | Reached XP level 10. HP: 108/108 MP: 10/10
  1354 | D        | Killed a shining eye
  1355 | D        | Reached ***** piety under Trog
  1355 | D        | Noticed a shining eye
  1359 | D        | Killed a shining eye
  1360 | D        | Reached skill level 20 in Axes
  1364 | D        | Noticed a shining eye
  1369 | D        | Noticed a shining eye
  1369 | D        | Noticed a shining eye
  1370 | D        | Gained mutation: You are clumsy. (Dex -2) [a shining eye]
  1371 | D        | Gained mutation: Armour fits poorly on your strangely
                  | shaped body. [a shining eye]
  1371 | D        | Paralysed by a floating eye for 3 turns
  1380 | D        | Paralysed by a floating eye for 2 turns
  1385 | D        | Killed a shining eye
  1389 | D        | Killed a shining eye
  1398 | D        | Killed a shining eye
  1403 | D        | Found Licalo's Antique Weapon Shop.
  1403 | D        | Found Muna's Assorted Antiques.
  1403 | D        | Found Ycsuet's Assorted Antiques.
  1403 | D        | Found Oniodgha's Weapon Emporium.
  1423 | D        | Bought a glowing flail for 110 gold pieces
  1430 | D        | Bought a square filigree amulet for 125 gold pieces
  1430 | D        | Bought a glowing scale mail for 175 gold pieces
  1655 | D        | Noticed a centaur warrior
  1658 | D        | Noticed a centaur warrior
  1661 | D        | Killed a centaur warrior
  1662 | D        | Reached skill level 21 in Axes
  1666 | D        | Killed a centaur warrior
  1667 | D        | Reached skill level 1 in Maces & Flails
  1667 | D        | Reached skill level 1 in Shields
  1667 | D        | Reached XP level 11. HP: 100/121 MP: 11/11
  1838 | D        | Noticed an oklob plant
  1843 | D        | Killed an oklob plant
  2020 | D        | Received a gift from Trog
  2060 | D        | Found Susua's Armour Emporium.
  2070 | D        | Bought the +5 Storm Queen's Shield {shock, Fly rElec} for
                  | 456 gold pieces
  2070 | D        | Found the +5 Storm Queen's Shield {shock, Fly rElec}
  2210 | D        | Received a gift from Trog
  2214 | D        | Reached ****** piety under Trog
  2223 | D        | Paralysed by a floating eye for 3 turns
  2229 | D        | Reached skill level 1 in Throwing
  2239 | D        | Received a gift from Trog
  2240 | D        | Reached skill level 5 in Maces & Flails
  2255 | D        | Identified the +6 sling of Piozont {drain, +Blink}
  2259 | D        | Identified the +1 buckler of Isupt {+Blink Dex+3}
  2338 | D        | Found Qegut's Assorted Antiques.
  2338 | D        | Found Lamacoan's General Store.
  2338 | D        | Found Nynar's Weapon Boutique.
  2340 | D        | Found Quus's Antique Weapon Emporium.
  2340 | D        | Found Fyr Dish's Armour Shop.
  2340 | D        | Found Wufiate's Magic Scroll Shoppe.
  2340 | D        | Found Xujyod's Armour Boutique.
  2340 | D        | Found Ustovoexu's Weapon Emporium.
  2340 | D        | Found Moegh's Assorted Antiques.
  2340 | D        | Found Dantedwi's Distillery.
  2344 | D        | Found Zaykh's Jewellery Boutique.
  2345 | D        | Found Ruhaisuu's Armour Emporium.
  2345 | D        | Found Deosiet's Jewellery Boutique.
  2346 | D        | Found Diyxua's Weapon Emporium.
  2734 | D        | HP: 3/122 [demonic crawler (13)]
  2736 | D        | Slain by a demonic crawler

Illustrated notes

Levels and vault maps discovered:
D:        dungeon_sprint_1 [red_sonja_temple_1, red_sonja_temple_small_1]

Skill      XL: |  1  2  3  4  5  6  7  8  9 10 11 |
---------------+----------------------------------+-----
Fighting       | 5 7 9 11 12 14 16 18 19 | 19.0
Axes           | 6 8 11 13 15 17 19 21 | 21.5
Armour         | 3 4 5 6 7 8 9 |  9.1
Dodging        | 2 3 4 5 6 7 8 9 |  9.1
Stealth        | 1 3 |  3.3
Maces & Flails | 1 5 |  5.0
Shields        | 1 3 |  3.3
Throwing       | 1 |  1.0

Action                     |  1- 3 |  4- 6 |  7- 9 | 10-12 || total
---------------------------+-------+-------+-------+-------++-------
  Melee: Hand axe          |    12 |    31 |    33 |     7 ||    83
         Punch             |       |     1 |       |       ||     1
         Flail             |       |       |       |    53 ||    53
  Throw: Dart              |       |       |       |     2 ||     2
 Invoke: Berserk           |     2 |     2 |     3 |       ||     7
         Brothers in Arms  |       |       |     1 |     2 ||     3
  Evoke: Wand              |       |       |       |     2 ||     2
    Use: Scroll            |       |       |       |     3 ||     3
         Potion            |       |       |       |     1 ||     1
 Armour: Leather armour    |       |     3 |     1 |       ||     4
         Scale mail        |       |       |       |    34 ||    34
  Dodge: Dodged            |     3 |     8 |    13 |    38 ||    62
  Block: Other             |       |       |       |     9 ||     9
         Reflection        |       |       |       |     2 ||     2
         Kite shield       |       |       |       |    72 ||    72

Table legend: (Time is in decaauts)
 A = Elapsed time spent in this place.
 B = Non-inter-level travel time spent in this place.
 C = Inter-level travel time spent in this place.
 D = Time resting spent in this place.
 E = Time spent auto-exploring this place.
 F = Levels seen in this place.
 G = Mean time per level.
                   A        B        C        D        E       F      G
               +--------+--------+--------+--------+--------+-----+--------+
         Total |   2797 |   2633 |    164 |   1933 |      0 |   1 | 2797.0 |
       Dungeon |   2797 |   2633 |    164 |   1933 |      0 |   1 | 2797.0 |
               +--------+--------+--------+--------+--------+-----+--------+

Top non-repeatable levels by time:
       D: 2797 daAuts
